| TOP OF THE 1ST |
|
Hartford Yard Goats batting - Pitching for Greensboro Grasshoppers : RHP Glen Patterson
|
|
Pitching: RHP Glen Patterson
|
|
|
Batting: SHB Eddie Quinones
|
0-0: Ball 1-0: Ball 2-0: Foul Ball, location: 2F 2-1: Ground out 6-3 (Groundball, 4M, EV 78.1 MPH)
|
|
Batting: RHB Justin Williams
|
0-0: Foul Ball, location: 2F 0-1: Called Strike 0-2: Ball 1-2: Ball 2-2: Foul Ball, location: 2F 2-2: Ball 3-2: Foul Ball, location: 2F 3-2: Base on Balls
|
|
Batting: SHB Pete Perla
|
0-0: Called Strike 0-1: Ball 1-1: Ball 2-1: Ball 3-1: Base on Balls Justin Williams to second
|
|
Batting: LHB Jeremy Brammer
|
0-0: Ball 1-0: Called Strike 1-1: Ball 2-1: Ball Justin Williams steals 3rd, throwing error, E2 Justin Williams scores Pete Perla to third 3-1: Base on Balls
|
|
Batting: RHB Eric Garrett
|
0-0: Ball 1-0: Ball 2-0: Called Strike Jeremy Brammer steals 2nd base 2-1: Fly out, F9 (Flyball, 89S, EV 96.2 MPH)
|
|
Batting: LHB Eddie Gonzalez
|
0-0: Called Strike 0-1: Ball 1-1: Fly out, F4 (Flyball, 34D, EV 93.1 MPH)
|
| Top of the 1st over - 1 run, 0 hits, 1 error, 2 left on base; Hartford 1 - Greensboro 0 |
| BOTTOM OF THE 1ST |
|
Greensboro Grasshoppers batting - Pitching for Hartford Yard Goats : RHP Clay Redman
|
|
Pitching: RHP Clay Redman
|
|
|
Batting: RHB Torquato Obawole
|
0-0: Swinging Strike 0-1: Foul Ball, location: 2F 0-2: Ball 1-2: Ball 2-2: Fly out, F9 (Flyball, 89M, EV 89.4 MPH)
|
|
Batting: RHB Masumitsu Sugiura
|
0-0: Ball 1-0: Called Strike 1-1: Ball 2-1: Called Strike 2-2: Fly out, F8 (Flyball, 89M, EV 84.4 MPH)
|
|
Batting: RHB Isaiah Brockman
|
0-0: Ball 1-0: SINGLE (Groundball, 6MD, EV 94.4 MPH)
|
|
Batting: RHB Jake Shelton
|
0-0: Called Strike 0-1: Ball 1-1: Fielders Choice at 2nd, 5-4 (Groundball, 56, EV 78.1 MPH)
|
| Bottom of the 1st over - 0 runs, 1 hit, 0 errors, 1 left on base; Hartford 1 - Greensboro 0 |
| TOP OF THE 2ND |
|
Hartford Yard Goats batting - Pitching for Greensboro Grasshoppers : RHP Glen Patterson
|
|
Batting: RHB Max Schellekens
|
0-0: Called Strike 0-1: Fly out, F9 (Flyball, 9, EV 82.5 MPH)
|
|
Batting: RHB Randy Breitbart
|
0-0: Ball 1-0: Ball 2-0: Called Strike 2-1: Ground out 5-3 (Groundball, 56S, EV 63.8 MPH)
|
|
Batting: RHB Steve Waltenbery
|
0-0: Ball 1-0: Called Strike 1-1: Foul Ball, location: 2F 1-2: Ball 2-2: Ball 3-2: Foul Ball, location: 2F 3-2: Base on Balls
|
|
Batting: SHB Eddie Quinones
|
0-0: Called Strike Pickoff Throw to First - Error! E1 Steve Waltenbery to second 0-1: Ball 1-1: Ball 2-1: Ball 3-1: Ground out U3 (Groundball, 3, EV 80.0 MPH)
|
| Top of the 2nd over - 0 runs, 0 hits, 1 error, 1 left on base; Hartford 1 - Greensboro 0 |
| BOTTOM OF THE 2ND |
|
Greensboro Grasshoppers batting - Pitching for Hartford Yard Goats : RHP Clay Redman
|
|
Batting: RHB Boof Howell
|
0-0: Ball 1-0: DOUBLE (Line Drive, 89XD, EV 103.8 MPH)
|
|
Batting: RHB Jordan Arcidez
|
0-0: Called Strike 0-1: Ball 1-1: Foul Ball, location: 2F 1-2: Hit by Pitch
|
|
Batting: RHB Bob Raine
|
0-0: Called Strike 0-1: Foul Ball, location: 2F 0-2: Ball 1-2: Ball 2-2: Hit by Pitch Boof Howell to third Jordan Arcidez to second
|
|
Batting: RHB Guillermo Rios
|
0-0: Foul Ball, location: 2F 0-1: Swinging Strike 0-2: Strikes out looking
|
|
Batting: LHB Juan Zuniga
|
0-0: SINGLE (Line Drive, 78S, EV 93.8 MPH) Boof Howell scores Jordan Arcidez to third Bob Raine to second
|
|
Batting: RHB Torquato Obawole
|
0-0: SINGLE (Groundball, 4, EV 97.5 MPH) Jordan Arcidez scores Bob Raine to third Juan Zuniga to second
|
|
Batting: RHB Masumitsu Sugiura
|
0-0: SINGLE (Line Drive, 7LS, EV 109.4 MPH) Bob Raine scores Juan Zuniga to third Torquato Obawole to second Runner from 3rd tries for Home, SAFE, throw by LF to home
|
|
Batting: RHB Isaiah Brockman
|
0-0: Grounds into double play, 3-6-3 (Groundball, 3, EV 103.1 MPH)
|
| Bottom of the 2nd over - 4 runs, 4 hits, 0 errors, 1 left on base; Hartford 1 - Greensboro 4 |
| TOP OF THE 3RD |
|
Hartford Yard Goats batting - Pitching for Greensboro Grasshoppers : RHP Glen Patterson
|
|
Batting: RHB Justin Williams
|
0-0: Ball 1-0: Ball 2-0: Ball 3-0: Base on Balls
|
|
Batting: SHB Pete Perla
|
0-0: Ball Justin Williams steals 2nd base 1-0: Ball 2-0: Ball 3-0: DOUBLE (Line Drive, 3D, EV 105.0 MPH) Justin Williams scores
|
|
Batting: LHB Jeremy Brammer
|
0-0: Called Strike 0-1: Ball 1-1: Fly out, F9 (Flyball, 9S, EV 90.0 MPH)
|
|
Batting: RHB Eric Garrett
|
0-0: Ball 1-0: Ball 2-0: Ball Wild Pitch! Pete Perla to third 3-0: Called Strike 3-1: Called Strike 3-2: Foul Ball, location: 2F 3-2: Foul Ball, location: 2F 3-2: Strikes out swinging
|
|
Batting: LHB Eddie Gonzalez
|
0-0: Called Strike 0-1: Ball 1-1: Ball Passed Ball! Pete Perla scores 2-1: Ground out U3 (Groundball, 34S, EV 85.0 MPH)
|
| Top of the 3rd over - 2 runs, 1 hit, 0 errors, 0 left on base; Hartford 3 - Greensboro 4 |
| BOTTOM OF THE 3RD |
|
Greensboro Grasshoppers batting - Pitching for Hartford Yard Goats : RHP Clay Redman
|
|
Batting: RHB Jake Shelton
|
0-0: Called Strike 0-1: Foul Ball, location: 2F 0-2: Ball 1-2: Strikes out swinging
|
|
Batting: RHB Boof Howell
|
0-0: Called Strike 0-1: Ball 1-1: Ball 2-1: SINGLE (Groundball, 4S, EV 68.1 MPH) (infield hit)
|
|
Batting: RHB Jordan Arcidez
|
0-0: Foul Ball, location: 2F 0-1: Ball 1-1: Fly out, F9 (Line Drive, 9S, EV 100.0 MPH)
|
|
Batting: RHB Bob Raine
|
0-0: Called Strike 0-1: Fly out, F8 (Flyball, 8RD, EV 82.5 MPH)
|
| Bottom of the 3rd over - 0 runs, 1 hit, 0 errors, 1 left on base; Hartford 3 - Greensboro 4 |
| TOP OF THE 4TH |
|
Hartford Yard Goats batting - Pitching for Greensboro Grasshoppers : RHP Glen Patterson
|
|
Batting: RHB Max Schellekens
|
0-0: Called Strike 0-1: Ball 1-1: Ball 2-1: Fly out, F4 (Popup, 34, EV 51.2 MPH)
|
|
Batting: RHB Randy Breitbart
|
0-0: Ball 1-0: Fly out, F7 (Line Drive, 7, EV 103.1 MPH)
|
|
Batting: RHB Steve Waltenbery
|
0-0: Ball 1-0: Ball 2-0: Swinging Strike 2-1: SINGLE (Line Drive, 4M, EV 97.5 MPH)
|
|
Batting: SHB Eddie Quinones
|
0-0: Called Strike Steve Waltenbery steals 2nd base 0-1: Ball 1-1: Called Strike 1-2: Strikes out looking
|
| Top of the 4th over - 0 runs, 1 hit, 0 errors, 1 left on base; Hartford 3 - Greensboro 4 |
| BOTTOM OF THE 4TH |
|
Greensboro Grasshoppers batting - Pitching for Hartford Yard Goats : RHP Clay Redman
|
|
Batting: RHB Guillermo Rios
|
0-0: Ball 1-0: SINGLE (Groundball, 34D, EV 106.9 MPH)
|
|
Batting: LHB Juan Zuniga
|
0-0: Ball 1-0: Ball Wild Pitch! Guillermo Rios to second 2-0: Fly out, F8 (Line Drive, 8LM, EV 94.4 MPH)
|
|
Batting: RHB Torquato Obawole
|
0-0: Foul Ball, location: 2F 0-1: Called Strike 0-2: Ball 1-2: Ball 2-2: Foul Ball, location: 2F 2-2: Ball 3-2: Base on Balls
|
|
Batting: RHB Masumitsu Sugiura
|
0-0: Called Strike 0-1: Foul Ball, location: 2F 0-2: SINGLE (Line Drive, 7LS, EV 104.4 MPH) Guillermo Rios to third Torquato Obawole to second Runner from 3rd tries for Home, SAFE, throw by LF to home
|
|
Batting: RHB Isaiah Brockman
|
0-0: Ball 1-0: Fly out, F7 (Line Drive, 7S, EV 89.4 MPH)
|
|
Batting: RHB Jake Shelton
|
0-0: Ball 1-0: Ball 2-0: Swinging Strike 2-1: Foul Ball, location: 2F 2-2: Ball 3-2: Ground out 3-1 (Groundball, 34S, EV 67.5 MPH)
|
| Bottom of the 4th over - 1 run, 2 hits, 0 errors, 2 left on base; Hartford 3 - Greensboro 5 |
| TOP OF THE 5TH |
|
Hartford Yard Goats batting - Pitching for Greensboro Grasshoppers : RHP Glen Patterson
|
|
Batting: RHB Justin Williams
|
0-0: Ball 1-0: Ball 2-0: Ball 3-0: Base on Balls
|
|
Batting: SHB Pete Perla
|
0-0: Foul Ball, location: 2F 0-1: Ball 1-1: Ball 2-1: Foul Ball, location: 2F 2-2: 2-RUN HOME RUN (Flyball, 9D, EV 99.4 MPH), Distance : 391 ft
|
|
Pitching: RHP Marco Quezada
|
|
|
Batting: LHB Jeremy Brammer
|
0-0: Called Strike 0-1: Called Strike 0-2: Ball 1-2: Ball 2-2: Ground out 6-3 (Groundball, 6, EV 106.9 MPH)
|
|
Batting: RHB Eric Garrett
|
0-0: Ball 1-0: Ball 2-0: Called Strike 2-1: Ball 3-1: Ground out 4-3 (Groundball, 4, EV 84.4 MPH)
|
|
Batting: LHB Eddie Gonzalez
|
0-0: Swinging Strike 0-1: Foul Ball, location: 2F 0-2: Ball 1-2: Strikes out swinging
|
| Top of the 5th over - 2 runs, 1 hit, 0 errors, 0 left on base; Hartford 5 - Greensboro 5 |
| BOTTOM OF THE 5TH |
|
Greensboro Grasshoppers batting - Pitching for Hartford Yard Goats : RHP Clay Redman
|
|
Batting: RHB Boof Howell
|
0-0: Ball 1-0: Fly out, F9 (Flyball, 89M, EV 79.4 MPH)
|
|
Batting: RHB Jordan Arcidez
|
0-0: Fly out, F9 (Flyball, 9LM, EV 93.8 MPH)
|
|
Batting: RHB Bob Raine
|
0-0: Foul Ball, location: 2F 0-1: Swinging Strike 0-2: Ground out 6-3 (Groundball, 6, EV 97.5 MPH)
|
| Bottom of the 5th over - 0 runs, 0 hits, 0 errors, 0 left on base; Hartford 5 - Greensboro 5 |
| TOP OF THE 6TH |
|
Hartford Yard Goats batting - Pitching for Greensboro Grasshoppers : RHP Marco Quezada
|
|
Batting: RHB Max Schellekens
|
0-0: Ball 1-0: Swinging Strike 1-1: Ball 2-1: Foul Ball, location: 2F 2-2: Ball 3-2: Fly out, F4 (Popup, 4MD, EV 66.9 MPH)
|
|
Batting: RHB Randy Breitbart
|
0-0: Ground out 3-1 (Groundball, 34S, EV 91.9 MPH)
|
|
Batting: RHB Steve Waltenbery
|
0-0: Ball 1-0: Ball 2-0: Called Strike 2-1: Foul Ball, location: 2F 2-2: Foul Ball, location: 2F 2-2: Ground out 6-3 (Groundball, 56, EV 106.9 MPH)
|
| Top of the 6th over - 0 runs, 0 hits, 0 errors, 0 left on base; Hartford 5 - Greensboro 5 |
| BOTTOM OF THE 6TH |
|
Greensboro Grasshoppers batting - Pitching for Hartford Yard Goats : RHP Clay Redman
|
|
Batting: RHB Guillermo Rios
|
0-0: Foul Ball, location: 2F 0-1: Called Strike 0-2: Ball 1-2: Strikes out swinging
|
|
Batting: LHB Juan Zuniga
|
0-0: Ball 1-0: Ball 2-0: Ground out 6-3 (Groundball, 6, EV 99.4 MPH)
|
|
Batting: RHB Torquato Obawole
|
0-0: Ball 1-0: Ground out U3 (Groundball, 34S, EV 93.1 MPH)
|
| Bottom of the 6th over - 0 runs, 0 hits, 0 errors, 0 left on base; Hartford 5 - Greensboro 5 |
| TOP OF THE 7TH |
|
Hartford Yard Goats batting - Pitching for Greensboro Grasshoppers : RHP Marco Quezada
|
|
Pitching: RHP Tamirat Abboud
|
|
|
Batting: SHB Eddie Quinones
|
0-0: Called Strike 0-1: Swinging Strike 0-2: Ball 1-2: Ball 2-2: Strikes out swinging
|
|
Batting: RHB Justin Williams
|
0-0: Called Strike 0-1: Ball 1-1: Ground out 5-3 (Groundball, 56, EV 103.1 MPH)
|
|
Batting: SHB Pete Perla
|
0-0: Called Strike 0-1: Ball 1-1: Foul Ball, location: 2F 1-2: Ground out U3 (Groundball, 3, EV 87.5 MPH)
|
| Top of the 7th over - 0 runs, 0 hits, 0 errors, 0 left on base; Hartford 5 - Greensboro 5 |
| BOTTOM OF THE 7TH |
|
Greensboro Grasshoppers batting - Pitching for Hartford Yard Goats : RHP Clay Redman
|
|
Pitching: LHP Greg Burngooch
|
|
|
Batting: RHB Masumitsu Sugiura
|
0-0: Ball 1-0: SINGLE (Line Drive, 3D, EV 102.5 MPH)
|
|
Batting: RHB Isaiah Brockman
|
0-0: Swinging Strike 0-1: Hit by Pitch Masumitsu Sugiura to second
|
|
Batting: RHB Jake Shelton
|
0-0: Foul Ball, location: 2F 0-1: Ball 1-1: Fly out, F8 (Flyball, 8RXD, EV 98.1 MPH) Runner from 2nd tags up, SAFE at 3rd, no throw by CF
|
|
Batting: RHB Boof Howell
|
0-0: Ball 1-0: Foul Ball, location: 2F 1-1: Foul Ball, location: 2F 1-2: Ball 2-2: Foul Ball, location: 2F 2-2: Strikes out looking
|
|
Batting: RHB Jordan Arcidez
|
0-0: Swinging Strike 0-1: Ground out U3 (Groundball, 34S, EV 93.1 MPH)
|
| Bottom of the 7th over - 0 runs, 1 hit, 0 errors, 2 left on base; Hartford 5 - Greensboro 5 |
| TOP OF THE 8TH |
|
Hartford Yard Goats batting - Pitching for Greensboro Grasshoppers : RHP Tamirat Abboud
|
|
Pitching: LHP Joe Foster
|
|
|
Batting: LHB Jeremy Brammer
|
0-0: Called Strike 0-1: Ball 1-1: Foul Ball, location: 2F 1-2: Strikes out swinging
|
|
Batting: RHB Eric Garrett
|
0-0: Ball 1-0: Ball 2-0: Foul Ball, location: 2F 2-1: Called Strike 2-2: Foul Ball, location: 2F 2-2: Ball 3-2: SOLO HOME RUN (Flyball, 7LD, EV 93.8 MPH), Distance : 355 ft
|
|
Batting: LHB Eddie Gonzalez
|
0-0: Ground out U3 (Groundball, 3, EV 76.9 MPH)
|
|
Batting: RHB Max Schellekens
|
0-0: Foul Ball, location: 2F 0-1: SINGLE (Line Drive, 78S, EV 101.2 MPH)
|
|
Batting: RHB Randy Breitbart
|
0-0: Foul Ball, location: 2F 0-1: Swinging Strike 0-2: Ball 1-2: Strikes out swinging
|
| Top of the 8th over - 1 run, 2 hits, 0 errors, 1 left on base; Hartford 6 - Greensboro 5 |
| BOTTOM OF THE 8TH |
|
Greensboro Grasshoppers batting - Pitching for Hartford Yard Goats : LHP Greg Burngooch
|
|
Pitching: LHP Bill Ogren
|
|
|
Batting: RHB Bob Raine
|
0-0: Called Strike 0-1: Ground out 5-3 (Groundball, 56, EV 101.9 MPH)
|
|
Batting: RHB Guillermo Rios
|
0-0: Ball 1-0: Ball 2-0: Ball 3-0: Called Strike 3-1: Base on Balls
|
|
Pinch Hitting: RHB Chris Riddick
|
0-0: Fly out, F8 (Flyball, 78D, EV 93.1 MPH)
|
|
Batting: RHB Torquato Obawole
|
0-0: Ball 1-0: Foul Ball, location: 2F 1-1: 2-RUN HOME RUN (Flyball, 8RXD, EV 108.8 MPH), Distance : 441 ft
|
|
Batting: RHB Masumitsu Sugiura
|
0-0: Foul Ball, location: 2F 0-1: Ball 1-1: SINGLE (Groundball, 4MD, EV 103.8 MPH)
|
|
Batting: RHB Isaiah Brockman
|
0-0: Called Strike 0-1: Ball 1-1: DOUBLE (Groundball, 5L, EV 103.8 MPH) Masumitsu Sugiura to third Runner from 3rd tries for Home, SAFE, throw by LF to trailing runner, SAFE at third!
|
|
Batting: RHB Jake Shelton
|
0-0: Ball 1-0: Ball 2-0: Swinging Strike 2-1: Swinging Strike 2-2: Strikes out swinging
|
| Bottom of the 8th over - 3 runs, 3 hits, 0 errors, 1 left on base; Hartford 6 - Greensboro 8 |
| TOP OF THE 9TH |
|
Hartford Yard Goats batting - Pitching for Greensboro Grasshoppers : LHP Joe Foster
|
|
Now at 1B: Natanael Fusquita
|
|
|
Now at 3B: Jordan Arcidez
|
|
|
Batting: RHB Steve Waltenbery
|
0-0: Ball 1-0: Ball 2-0: Ball 3-0: Base on Balls
|
|
Batting: SHB Eddie Quinones
|
0-0: Ball 1-0: Ball 2-0: Called Strike 2-1: Foul Ball, location: 2F 2-2: Foul Ball, location: 2F 2-2: Fly out, F8 (Line Drive, 8LM, EV 89.4 MPH)
|
|
Batting: RHB Justin Williams
|
0-0: Called Strike 0-1: Foul Ball, location: 2F 0-2: Ball 1-2: Ball 2-2: Ball 3-2: SINGLE (Groundball, 34, EV 78.8 MPH) (infield hit) Steve Waltenbery to second
|
|
Pitching: RHP Reinaart Meyer
|
|
|
Batting: SHB Pete Perla
|
0-0: Called Strike 0-1: DOUBLE (Flyball, 8RXD, EV 102.5 MPH) Steve Waltenbery scores Justin Williams to third
|
|
Batting: LHB Jeremy Brammer
|
0-0: Ball 1-0: Fly out, F8 (Flyball, 89XD, EV 94.4 MPH) Runner from 3rd tags up, SCORES, no throw by CF Pete Perla to third
|
|
Batting: RHB Eric Garrett
|
0-0: Ball 1-0: Ball 2-0: Ball 3-0: Called Strike 3-1: Base on Balls
|
|
Batting: LHB Eddie Gonzalez
|
0-0: Ground out 4-3 (Groundball, 4S, EV 82.5 MPH)
|
| Top of the 9th over - 2 runs, 2 hits, 0 errors, 2 left on base; Hartford 8 - Greensboro 8 |
| BOTTOM OF THE 9TH |
|
Greensboro Grasshoppers batting - Pitching for Hartford Yard Goats : LHP Bill Ogren
|
|
Pitching: LHP Eric Zielinski
|
|
|
Batting: RHB Boof Howell
|
0-0: TRIPLE (Flyball, 78XD, EV 106.2 MPH)
|
|
Batting: RHB Jordan Arcidez
|
0-0: Called Strike 0-1: SINGLE (Groundball, 6MD, EV 103.8 MPH) Boof Howell scores
|
| Bottom of the 9th over - 1 run, 2 hits, 0 errors, 0 left on base; Hartford 8 - Greensboro 9 |
| |
|
Game Over ... Greensboro defeats Hartford, 9 to 8
|
|
|